 Dungeon Crawl Stone Soup version 0.30-a0-591-g3c58d2bc28 (webtiles) character file.

Game seed: 3048299473938624425

1361 Drevant2 the Arsonist (level 8, -7/58 HPs)
             Began as a Human Cinder Acolyte on Jan 5, 2023.
             Was an Elder of Ignis.
             Mangled by an iguana (12 damage)
             ... on level 6 of the Dungeon.
             The game lasted 00:20:46 (7032 turns).

Drevant2 the Arsonist (Human Cinder Acolyte)        Turns: 7032, Time: 00:20:47

Health: -7/58      AC:  4    Str: 19    XL:     8   Next: 96%
Magic:  2/9        EV: 11    Int: 15    God:    Ignis [****..]
Gold:   80         SH:  5    Dex:  8    Spells: 7/9 levels left

rFire   + . .      SeeInvis .    v - +3 short sword (venom)
rCold   . . .      Faith    .    (no shield)
rNeg    . . .      Spirit   .    r - +1 robe {Will+}
rPois   .          Reflect  +    (helmet restricted)
rElec   .          Harm     .    (no cloak)
rCorr   .          Rampage  .    (no gloves)
Will    +....                    h - +0 pair of boots
Stlth   +                        d - amulet of reflection
HPRegen 0.29/turn                (no ring)
MPRegen 0.11/turn                (no ring)

@: mighty
A: horns 1, screaming 1, strong 1
a: Renounce Religion, Fiery Armour, Foxfire Swarm, Rising Flame


You were on level 6 of the Dungeon.
You worshipped Ignis.
Ignis was greatly pleased with you.
You visited 1 branch of the dungeon, and saw 6 of its levels.

You collected 276 gold pieces.
You spent 196 gold pieces at shops.

Inventory:

Hand Weapons
 a - a -1 falchion of flaming
 j - a +1 dagger of draining
 v - a +3 short sword of venom (weapon)
Missiles
 D - a throwing net (quivered)
Armour
 b - a +1 robe
 h - a +0 pair of boots (worn)
 m - a +0 buckler
 r - a +1 robe of willpower (worn)
Magical Staves
 g - a staff of death
Jewellery
 d - an amulet of reflection (around neck)
 p - a ring of magical power
 C - a ring of protection from fire
 F - a ring of positive energy
Wands
 q - a wand of polymorph (7)
 A - a wand of digging (3)
 E - a wand of flame (5)
Scrolls
 c - 2 scrolls of teleportation
 e - 2 scrolls of poison {unknown}
 f - a scroll of vulnerability
 i - 2 scrolls of amnesia
 n - a scroll of immolation
 o - 2 scrolls of brand weapon
 w - a scroll of summoning {unknown}
 x - a scroll of magic mapping
 y - a scroll of fog
 G - a scroll of enchant armour
Potions
 k - a potion of lignification
 l - a potion of brilliance
 s - a potion of flight
 B - a potion of curing


   Skills:
 - Level 3.0 Fighting
 * Level 2.3(3.5) Short Blades
 - Level 3.9(4.3) Long Blades
 - Level 1.0 Spellcasting
 - Level 10.1 Fire Magic


You had 7 spell levels left.
You knew the following spells:

 Your Spells              Type           Power      Damage    Failure   Level
a - Scorch                Fire           62%        2d8       1%          2

Your spell library contained the following spells:

 Spells                   Type           Power      Damage    Failure   Level
 Slow                     Hex            0%         N/A       24%         1
 Confusing Touch          Hex            0%         N/A       58%         3
 Vampiric Draining        Necr           0%         2d6       58%         3
 Petrify                  Tmut/Erth      0%         N/A       94%         4
 Metabolic Englaciation   Hex/Ice        0%         N/A       100%        5
 Statue Form              Tmut/Erth      0%         N/A       100%        6


Dungeon Overview and Level Annotations

Branches:
Dungeon (6/15)             Temple (0/1) D:4

Altars:
Elyvilon
Fedhas
Okawaru
Sif Muna
Trog
Vehumet
Xom
Zin

Shops:
D:4 ?

Annotations:
D:4 Grinder


Innate Abilities, Weirdness & Mutations

You have a pair of small horns on your head.
You occasionally shout uncontrollably at your foes.
Your muscles are strong. (Str +4, Int/Dex -1)


Message History

Confirm with . or Enter, or press ? or * to list all spells.
Flames lash Duvessa.
Duvessa is burned terribly!
Duvessa is heavily wounded.
Duvessa hits you but does no damage. Duvessa hits you with a +0 short sword.
Casting: Scorch (safe; 1% risk of failure)
Confirm with . or Enter, or press ? or * to list all spells.
Flames lash Duvessa.
Duvessa is burned terribly!
Duvessa is severely wounded.
You block Duvessa's attack.
Casting: Scorch (safe; 1% risk of failure)
Confirm with . or Enter, or press ? or * to list all spells.
You don't have enough magic to cast this spell.
You hit Duvessa.
Duvessa is poisoned.
Duvessa is severely wounded.
Duvessa hits you with a +0 short sword. You block Duvessa's attack.
You hit Duvessa but do no damage.
Duvessa is severely wounded.
Duvessa hits you with a +0 short sword!
You hit Duvessa.
Duvessa looks as sick as possible!
Duvessa is severely wounded.
Duvessa hits you with a +0 short sword!
* * * LOW HITPOINT WARNING * * *
You hit Duvessa but do no damage.
Duvessa looks as sick as possible!
Duvessa is almost dead.
Duvessa hits you with a +0 short sword!
* * * LOW HITPOINT WARNING * * *
Duvessa hits you with a +0 short sword!
* * * LOW HITPOINT WARNING * * *
It was a potion of cancellation.
You feel magically purged. Duvessa closely misses you.
It was a potion of might.
You feel very mighty all of a sudden.
You kill Duvessa!
The iguana bites you but does no damage.
Your base Short Blades skill gained 2 levels and is now at level 2!
It was a potion of mutation.
You feel extremely strange. A pair of horns grows on your head!
You feel the urge to shout.
You feel stronger. The iguana bites you!
You die...

#...... .......
....... .......
#####........
#............
###............
##....@.........
##.....)l.......
#............###
#...........##
#...........##
#............#
#....<.....#...#
##................
#..........###....


You could see an iguana.

Vanquished Creatures
  Duvessa (D:6)
  2 water moccasins
  2 phantoms
  A kobold brigand (D:5)
  3 scorpions
  Dowan (D:6)
  2 hounds (D:5)
  An orc priest (D:5)
  2 jellies
  A gnoll bouda (D:5)
  2 iguanas (D:4)
  Terence (D:3)
  3 orc wizards
  6 gnolls
  10 adders
  3 worms
  22 orcs
  8 bats
  5 endoplasms
  A giant cockroach (D:3)
  9 goblins
  5 hobgoblins
  6 jackals
  A quokka (D:1)
  14 ball pythons
  3 frilled lizards
  11 kobolds
  9 rats
135 creatures vanquished.

Vanquished Creatures (others)
  14 foxfires (D:5)
  A plant (D:4)
15 creatures vanquished.

Grand Total: 150 creatures vanquished

Notes
Turn   | Place    | Note
-------+----------+-------------------------------------------
     0 | D:1      | Drevant2 the Human Cinder Acolyte began the quest for the
                  | Orb.
     0 | D:1      | Reached XP level 1. HP: 18/18 MP: 2/2
   229 | D:1      | Reached XP level 2. HP: 24/24 MP: 3/3
   608 | D:2      | Learned a level 2 spell: Scorch
   905 | D:2      | Reached XP level 3. HP: 28/29 MP: 4/4
  1579 | D:3      | Found a glowing silver altar of Zin.
  1581 | D:3      | Found a shimmering altar of Xom.
  1587 | D:3      | Found a shimmering blue altar of Sif Muna.
  1587 | D:3      | Found an iron altar of Okawaru.
  1600 | D:3      | Found a radiant altar of Vehumet.
  1600 | D:3      | Found a bloodstained altar of Trog.
  1601 | D:3      | Found a blossoming altar of Fedhas.
  1645 | D:3      | Noticed Terence
  1656 | D:3      | Killed Terence
  1657 | D:3      | Reached skill level 4 in Fire Magic
  1657 | D:3      | Reached XP level 4. HP: 35/35 MP: 5/5
  1774 | D:3      | Reached XP level 5. HP: 30/41 MP: 6/6
  2234 | D:3      | Found a white marble altar of Elyvilon.
  2846 | D:4      | Reached skill level 5 in Fire Magic
  3159 | D:4      | Reached XP level 6. HP: 47/47 MP: 4/7
  3341 | D:4      | Reached skill level 6 in Fire Magic
  3437 | D:4      | Noticed Grinder
  3439 | D:4      | Paralysed by Grinder for 4 turns
  3557 | D:4      | Found Dast's Magic Scroll Emporium.
  3684 | D:4      | Bought a scroll of teleportation for 42 gold pieces
  3684 | D:4      | Bought a scroll of teleportation for 42 gold pieces
  3684 | D:4      | Bought a scroll of identify for 28 gold pieces
  3684 | D:4      | Bought a scroll of fog for 56 gold pieces
  3684 | D:4      | Bought a scroll of identify for 28 gold pieces
  3725 | D:4      | Found a staircase to the Ecumenical Temple.
  4047 | D:4      | Reached XP level 7. HP: 47/52 MP: 1/8
  4158 | D:4      | Reached skill level 7 in Fire Magic
  4266 | D:5      | Entered Level 5 of the Dungeon
  4721 | D:5      | Noticed a water moccasin
  5069 | D:5      | Reached skill level 8 in Fire Magic
  5611 | D:5      | Killed a water moccasin
  5612 | D:5      | Reached XP level 8. HP: 58/58 MP: 6/9
  5646 | D:5      | Reached skill level 9 in Fire Magic
  6247 | D:6      | Noticed Duvessa
  6253 | D:6      | Noticed Dowan
  6586 | D:5      | Identified the +1 falchion of the Ghostly God {flame,
                  | +Blink Will+}
  6685 | D:6      | Killed Dowan
  6934 | D:6      | Reached skill level 10 in Fire Magic
  7031 | D:6      | Killed Duvessa
  7032 | D:6      | Gained mutation: You have a pair of small horns on your
                  | head. [potion of mutation]
  7032 | D:6      | Gained mutation: You occasionally shout uncontrollably at
                  | your foes. [potion of mutation]
  7032 | D:6      | Gained mutation: Your muscles are strong. (Str +4, Int/Dex
                  | -1) [potion of mutation]
  7032 | D:6      | Mangled by an iguana

Illustrated notes

Levels and vault maps discovered:
D:1:      wheals_arrival_shading, layout_basic, serial_glass, glass_columns_b,
          glass_columns_a
D:2:      layout_basic, hangedman_decor_points, grunt_decor_cap
D:3:      layout_loops_cross, grunt_temple_overflow_open, elyvilon_altar_3,
          minmay_misc_feat_rows, minmay_misc_feat_diagonals, uniq_terence
D:4:      layout_loops_ring, minmay_temple_entry_drinking_statues,
          serial_forest, infiniplex_forest_clump_small,
          infiniplex_forest_straight_2, infiniplex_forest_straight_2,
          infiniplex_forest_join, infiniplex_forest_lined_ring,
          infiniplex_forest_zigzag_1, infiniplex_forest_straight_1,
          infiniplex_forest_fountain, serial_shops, shop_statue,
          minmay_snake_closets, uniq_grinder
D:5:      layout_basic
D:6:      layout_rooms, uniq_duvessa

Skill      XL: |  1  2  3  4  5  6  7  8 |
---------------+-------------------------+-----
Fire Magic     | 4 5 6 8 10 | 10.1
Short Blades   | 2 |  2.3
Fighting       | |  3.0
Long Blades    | |  3.9
Spellcasting   | |  1.0

Action                   |  1- 3 |  4- 6 |  7- 9 || total
-------------------------+-------+-------+-------++-------
Melee: Falchion          |    49 |       |       ||    49
       Dagger            |    53 |    47 |       ||   100
       Punch             |     1 |       |     2 ||     3
       Short sword       |       |    84 |   117 ||   201
 Cast: Scorch            |     3 |    19 |    37 ||    59
Invok: Fiery Armour      |     1 |       |     1 ||     2
       Foxfire Swarm     |       |       |     1 ||     1
  Use: Scroll            |       |    10 |     3 ||    13
       Potion            |       |       |     7 ||     7
 Stab: Sleeping          |       |     1 |     1 ||     2
Armor: Robe              |    19 |    24 |    32 ||    75
       Skin              |     3 |       |       ||     3
Dodge: Dodged            |    48 |    50 |    69 ||   167
Block: Other             |     5 |    24 |    40 ||    69
       Reflection        |       |       |     1 ||     1

Table legend: (Time is in decaauts)
 A = Elapsed time spent in this place.
 B = Non-inter-level travel time spent in this place.
 C = Inter-level travel time spent in this place.
 D = Time resting spent in this place.
 E = Time spent auto-exploring this place.
 F = Levels seen in this place.
 G = Mean time per level.
                   A        B        C        D        E       F      G
               +--------+--------+--------+--------+--------+-----+--------+
         Total |   7008 |   5596 |   1412 |   2067 |   2224 |   6 | 1168.0 |
       Dungeon |   7008 |   5596 |   1412 |   2067 |   2224 |   6 | 1168.0 |
               +--------+--------+--------+--------+--------+-----+--------+

Top non-repeatable levels by time:
     D:5: 2104 daAuts
     D:4: 1890 daAuts
     D:3: 1082 daAuts
     D:2: 992 daAuts
     D:1: 680 daAuts
     D:6: 258 daAuts
